 Dungeon Crawl Stone Soup version 0.32-a0-314-g526f7d4993 (webtiles) character file.

Game seed: 7023657051106124048

7151 Nattfarinn the Grappler (level 10, -7/82 HPs)
             Began as a Demonspawn Shapeshifter on Feb 16, 2024.
             Was an Elder of Okawaru.
             Incinerated by a deep elf pyromancer (13 damage)
             ... with a pyre arrow
             ... on level 9 of the Dungeon.
             The game lasted 00:22:03 (8499 turns).

Nattfarinn the Grappler (Demonspawn Shapeshifter)   Turns: 8499, Time: 00:22:04

Health: -7/82      AC:  6    Str: 18    XL:     10   Next: 86%
Magic:  10/10      EV: 16    Int: 10    God:    Okawaru [****..]
Gold:   503        SH:  0    Dex: 14    Spells: 9/9 levels left

rFire   . .          .
                       - Unarmed
rCold   + . .        (shield currently unavailable)
rNeg    . . .        i - melded +0 leather armour "Vugiq" {rF- rCorr Dex+7}
rPois   +            (helmet unavailable)
rElec   .            p - +0 cloak
rCorr   .            u - +0 pair of gloves
SInv    .            (no boots)
Will    .....        z - amulet "Idixaecu" {RegenMP rPois Regen+}
Stlth   +            m - ring of protection from cold
HPRegen 1.13/turn    y - +4 ring of protection
MPRegen 0.52/turn

%: no passive effects
@: confused, on fire, about to teleport, flux-form, ambrosia-drunk, glowing
A: glow, contaminating, claws 1, hooves 1, horns 3, foul stench 1, condensation
shield
a: Begin Untransformation, Renounce Religion, Heroism, Finesse


You were on level 9 of the Dungeon.
You worshipped Okawaru.
Okawaru was greatly pleased with you.
You were something dangerously unstable.
You visited 2 branches of the dungeon, and saw 10 of its levels.
You also visited: Ossuary.

You collected 503 gold pieces.

Inventory:

Armour
 a - a +0 animal skin
 i - the +0 leather armour "Vugiq" (melded) {rF- rCorr Dex+7}
   (You found it on level 2 of the Dungeon)

   Dex+7:     It affects your dexterity (+7).
   rF-:       It makes you vulnerable to fire.
   rCorr:     It protects you from acid and corrosion.
 j - a +0 hat
 p - a +0 cloak (worn)
 u - a +0 pair of gloves (worn)
Jewellery
 b - a ring of magical power
 m - a ring of protection from cold (left hand)
 y - a +4 ring of protection (right hand)
 z - the amulet "Idixaecu" (around neck) {RegenMP rPois Regen+}
   (You found it in an ossuary)

   [amulet of magic regeneration]

   RegenMP:   It increases your rate of magic regeneration.
   rPois:     It protects you from poison Regen+: It increases your rate of
   health regeneration.
 G - a +6 ring of dexterity
Talismans
 c - a beast talisman
 d - a flux talisman (active)
Wands
 l - a wand of digging (11)
 s - a wand of flame (9)
Scrolls
 f - a scroll of brand weapon
 k - 2 scrolls of fog
 n - a scroll of silence {unknown}
 q - a scroll of noise {unknown}
 t - 2 scrolls of immolation {unknown}
 v - 2 scrolls of teleportation
 A - 3 scrolls of identify
 C - a scroll of poison {unknown}
 I - 3 scrolls of fear {unknown}
Potions
 e - 3 potions of resistance
 h - a potion of degeneration {unknown}
 o - 3 potions of brilliance {unknown}
 r - a potion of invisibility {unknown}
 w - 2 potions of magic {unknown}
 x - a potion of berserk rage {unknown}
 B - 2 potions of curing {unknown}
 D - 2 potions of mutation {unknown}
 E - a potion of enlightenment {unknown}
 F - a potion of attraction {unknown}
 H - a potion of lignification


   Skills:
 + Level 8.7 Fighting
 - Level 1.7 Dodging
 * Level 11.4 Unarmed Combat
 - Level 7.1 Shapeshifting


You had 9 spell levels left.
You didn't know any spells.
Your spell library contained the following spells:

 Spells                   Type           Power      Damage    Failure   Level
 Apportation              Tloc           0%         N/A       36%         1
 Foxfire                  Conj/Fire      0%         2x1d4     36%         1
 Magic Dart               Conj           0%         1d3       36%         1
 Necrotise                Necr           0%         1d4       36%         1
 Sandblast                Erth           0%         2d4       36%         1
 Sting                    Conj/Alch      0%         1d3       36%         1
 Blink                    Tloc           0%         N/A       50%         2
 Ensorcelled Hibernation  Hex/Ice        0%         N/A       50%         2
 Lesser Beckoning         Tloc           0%         N/A       50%         2
 Momentum Strike          Conj/Tloc      0%         3d8       50%         2
 Passwall                 Erth           0%         N/A       75%         3
 Stone Arrow              Conj/Erth      0%         3d7       75%         3
 Swiftness                Air            0%         N/A       75%         3
 Brom's Barrelling Bould  Conj/Erth      0%         2d3       98%         4
 Plasma Beam              Fire/Air       0%         2x1d10    100%        6
 Starburst                Conj/Fire      0%         6d3       100%        6
 Summon Small Mammal      Summ           Unusable   N/A       N/A         1
 Call Imp                 Summ           Unusable   N/A       N/A         2

Dungeon Overview and Level Annotations

Branches:
Dungeon (9/15)             Temple (1/1) D:6         Ossuary (visited)
   Lair: D:8-11         Orc: D:9-12

Altars:
Ashenzari
Cheibriados
Dithmenos
Fedhas
Gozag
Hepliaklqana
Kikubaaqudgha
Makhleb
Nemelex Xobeh
Okawaru
Qazlal
Ru
Sif Muna
Trog
Uskayaw
Vehumet
Wu Jian
Xom
Yredelemnul

Shops:
D:2 (   D:6 :

Annotations:
D:6 2 transporters, ssldvbfs's ghost, novice MiFi
D:7 1 runed translucent door, Crazy Yiuf


Innate Abilities, Weirdness & Mutations

You are something dangerously unstable.
You glow with magical radiation, making you easy to see and hit.
Foes you strike become dangerously contaminated with magical radiation.
You are incapable of wielding weapons or throwing items.
You have sharp fingernails.
You have large cloven feet.
You have a pair of large horns on your head.
You may rarely emit foul miasma when damaged in melee.
A meltable shield of frost defends you. (SH +0)


Message History

The orc wizard hits you with a +0 dagger.
You emit a cloud of foul miasma!
There is a large broken door, spattered with blood here.
You closely miss the orc wizard. You headbutt the orc wizard.
The orc wizard is moderately wounded.
The liquid fire burns you!
The deep elf pyromancer gestures wildly while chanting.
The deep elf pyromancer blinks!
The orc wizard is engulfed in dark miasma.
The orc wizard is poisoned.
The orc wizard seems to slow down.
The orc wizard hits you but does no damage.
You closely miss the orc wizard. You kick the orc wizard.
You headbutt the orc wizard.
You kill the orc wizard!
Okawaru accepts your kill. The liquid fire burns you!
The deep elf pyromancer hits you with a +0 long sword.
You punch the deep elf pyromancer!
The deep elf pyromancer begins to glow.
The deep elf pyromancer is lightly wounded.
The liquid fire burns you!
The deep elf pyromancer gestures at you while chanting.
The bolt of fire hits you!
You punch the deep elf pyromancer!
The deep elf pyromancer glows dangerously bright.
The deep elf pyromancer is heavily wounded.
The liquid fire burns you!
* * * LOW HITPOINT WARNING * * *
The deep elf pyromancer hits you with a +0 long sword!
* * * LOW HITPOINT WARNING * * *
Okay, then.
As you read the scroll labelled NEMISE VUMIR, it crumbles to dust.
You feel strangely unstable.
It was a scroll of teleportation.
The liquid fire burns you!
* * * LOW HITPOINT WARNING * * *
The deep elf pyromancer casts a spell.
The deep elf pyromancer closely misses you.
You are confused.
You feel invigorated. The liquid fire burns you!
You die...

##.......#
#......
#.#####.#
#...... #.# #.#
#..)... . #.#
#.# #...... ..
#.#####[#####
#......
...#.....).....#
#.####.
...............#
#.####.
...............#
#......
######ep########
#...... #...○e.#
#......
+...E..'.#
#......
#......###
#...... #..
#......# #......
#..# +....[.+
#...... #..#
#..$...# #......
#..# ###''###
#...... #..# '..
#......


You could see 2 deep elf pyromancers and a fire elemental (summoned).

Vanquished Creatures
  Pikel (D:7)
  Maggie (D:8)
  A komodo dragon (D:9)
  6 yaks (D:9)
  A shadow (D:9)
  A wyvern (D:8)
  2 wraiths (D:9)
  2 water moccasins (D:7)
  A swamp drake (D:9)
  3 black bears
  2 sky beasts (D:7)
  A centaur (D:9)
  A kobold brigand (D:7)
  A phantom (D:6)
  A weeping skull (Ossuary)
  2 lemures (D:7)
  2 bullfrogs
  A gnoll sergeant (D:6)
  2 elf skeletons (D:6)
  4 scorpions
  4 water moccasin zombies (Ossuary)
  16 wights
  10 killer bees
  2 howler monkeys (D:9)
  A crimson imp (D:9)
  A bombardier beetle (D:6)
  2 jellies
  A spectral scorpion (Ossuary)
  2 hounds
  8 orc priests
  2 gnoll boudas
  2 human skeletons (D:6)
  Jessica (D:3)
  4 iguanas
  A sleepcap (D:5)
  9 orc wizards
  2 crocodile zombies (Ossuary)
  2 mummies (Ossuary)
  10 gnolls
  3 adders
  3 adder zombies (Ossuary)
  2 dart slugs
  51 orcs
  4 bats
  6 endoplasms
  6 giant cockroaches
  14 gnoll zombies (Ossuary)
  11 goblins
  7 hobgoblins
  15 jackals
  13 kobolds
  2 quokkas (D:4)
  6 ball pythons
  3 frilled lizards
  6 orc zombies
  4 rats
272 creatures vanquished.

Vanquished Creatures (others)
  An orc (D:9)
1 creature vanquished.

Grand Total: 273 creatures vanquished

Notes
Turn   | Place    | Note
-------+----------+-------------------------------------------
     0 | D:1      | Nattfarinn the Demonspawn Shapeshifter began the quest for
                  | the Orb.
     0 | D:1      | Reached XP level 1. HP: 15/15 MP: 1/1
    69 | D:1      | Gained mutation: A meltable shield of frost defends you.
                  | (SH +0) [demonic ancestry]
    69 | D:1      | Reached XP level 2. HP: 21/21 MP: 2/2
   231 | D:1      | Discovered your monstrous ancestry.
   231 | D:1      | Gained mutation: You have a pair of small horns on your
                  | head. [demonic ancestry]
   231 | D:1      | Reached XP level 3. HP: 24/26 MP: 3/3
   831 | D:2      | Identified the +0 leather armour "Vugiq" {rF- rCorr Dex+7}
   857 | D:2      | Found Gonuw's Weapon Boutique.
  1013 | D:2      | Reached XP level 4. HP: 32/32 MP: 4/4
  1377 | D:3      | Reached skill level 5 in Shapeshifting
  1377 | D:3      | Gained mutation: You have a pair of horns on your head.
                  | [demonic ancestry]
  1377 | D:3      | Reached XP level 5. HP: 14/37 MP: 5/5
  1545 | D:3      | Noticed Jessica
  1555 | D:3      | Killed Jessica
  1667 | D:3      | Gained mutation: You have sharp fingernails. [demonic
                  | ancestry]
  1667 | D:3      | Reached XP level 6. HP: 36/43 MP: 6/6
  2900 | D:4      | Gained mutation: You have large cloven feet. [demonic
                  | ancestry]
  2900 | D:4      | Reached XP level 7. HP: 21/48 MP: 7/7
  3420 | D:5      | Entered Level 5 of the Dungeon
  3639 | D:5      | Reached skill level 3 in Unarmed Combat
  4302 | D:6      | Found Juev's Book Emporium.
  4401 | D:6      | Reached skill level 4 in Unarmed Combat
  4569 | D:6      | Gained mutation: You have a pair of large horns on your
                  | head. [demonic ancestry]
  4569 | D:6      | Reached XP level 8. HP: 52/58 MP: 8/8
  4621 | D:6      | Reached skill level 5 in Unarmed Combat
  4632 | D:6      | Found a sand-covered staircase.
  4642 | Ossuary  | Entered an ossuary
  4779 | Ossuary  | Reached skill level 6 in Unarmed Combat
  4854 | Ossuary  | Identified the amulet "Idixaecu" {RegenMP rPois Regen+}
  5282 | D:6      | Found a staircase to the Ecumenical Temple.
  5341 | Temple   | Entered the Ecumenical Temple
  5416 | Temple   | Became a worshipper of Warmaster Okawaru
  5471 | D:6      | Found a transporter.
  5473 | D:6      | Found a transporter.
  5474 | D:6      | Noticed ssldvbfs's ghost (novice MiFi)
  5476 | D:6      | Noticed a queen bee
  5942 | D:6      | Reached skill level 5 in Fighting
  5954 | D:6      | Reached skill level 7 in Unarmed Combat
  5954 | D:6      | Gained mutation: You may rarely emit foul miasma when
                  | damaged in melee. [demonic ancestry]
  5954 | D:6      | Reached XP level 9. HP: 49/68 MP: 9/9
  6210 | D:7      | Reached * piety under Okawaru
  6282 | D:7      | Reached skill level 8 in Unarmed Combat
  6479 | D:7      | Found a runed translucent door.
  6480 | D:7      | Noticed Crazy Yiuf
  6521 | D:7      | Found a stormy altar of Qazlal.
  6566 | D:7      | Found an opulent altar of Gozag.
  6940 | D:7      | Noticed Pikel
  6956 | D:7      | Killed Pikel
  6956 | D:7      | Reached ** piety under Okawaru
  6957 | D:7      | Reached skill level 9 in Unarmed Combat
  7210 | D:8      | Reached XP level 10. HP: 79/79 MP: 10/10
  7449 | D:8      | Noticed Maggie
  7461 | D:8      | Killed Maggie
  7462 | D:8      | Reached skill level 10 in Unarmed Combat
  8028 | D:9      | Reached *** piety under Okawaru
  8136 | D:9      | Reached skill level 11 in Unarmed Combat
  8356 | D:9      | Reached **** piety under Okawaru
  8481 | D:9      | Noticed a deep elf pyromancer
  8484 | D:9      | Noticed a deep elf pyromancer
  8499 | D:9      | Incinerated by a deep elf pyromancer

Illustrated notes

Levels and vault maps discovered:
D:1:      dpeg_arrival_erosion, layout_loops_ring
D:2:      layout_rooms, serial_shops, shop
D:3:      minmay_chambers_of_twos, layout_basic, hangedman_decor_opposing,
          uniq_jessica
D:4:      layout_cave_pools
D:5:      layout_loops_ring
D:6:      layout_loops_corners, minmay_temple_entry_slanted,
          gammafunk_ghost_hive, nicolae_ossuary_entry_catacombs, serial_shops,
          shop
D:7:      layout_basic, jmf_multi_god_temple2, uniq_pikel,
          uniq_crazy_yiuf_cottage
D:8:      layout_cave_pools, uniq_maggie
D:9:      layout_stronghold, erik_lair_orcish_takeover, gammafunk_ghost_ooze,
          st_stairs_13, hangedman_minor_magic
Temple:   mainiacjoe_temple_big_plus

Skill      XL: |  1  2  3  4  5  6  7  8  9 10 |
---------------+-------------------------------+-----
Shapeshifting  | 3 4 5 7 |  7.1
Unarmed Combat | 4 7 9 11 | 11.4
Fighting       | 3 5 7 8 |  8.7
Dodging        | |  1.7

Action                     |  1- 3 |  4- 6 |  7- 9 | 10-12 || total
---------------------------+-------+-------+-------+-------++-------
  Melee: Unarmed           |    90 |   167 |   440 |   174 ||   871
         Headbutt          |     5 |    21 |   115 |    48 ||   189
         Punch             |       |     1 |       |       ||     1
         Kick              |       |       |   169 |    52 ||   221
    Use: Potion            |       |     4 |     1 |     2 ||     7
         Scroll            |       |       |     3 |     1 ||     4
   Stab: Sleeping          |       |     2 |       |       ||     2
 Armour: Animal skin       |    31 |       |       |       ||    31
         Leather armour    |     1 |    93 |       |       ||    94
         Skin              |       |   134 |   138 |    84 ||   356
  Dodge: Dodged            |    50 |    92 |   210 |   167 ||   519
  Block: Other             |    11 |    43 |    47 |    34 ||   135
   Form: Flux              |       |     1 |       |       ||     1

Table legend: (Time is in decaauts)
 A = Elapsed time spent in this place.
 B = Non-inter-level travel time spent in this place.
 C = Inter-level travel time spent in this place.
 D = Time resting spent in this place.
 E = Time spent auto-exploring this place.
 F = Levels seen in this place.
 G = Mean time per level.
                   A        B        C        D        E       F      G
               +--------+--------+--------+--------+--------+-----+--------+
         Total |   8405 |   8062 |    343 |    891 |   5211 |  11 |  764.1 |
       Dungeon |   8034 |   7795 |    239 |    869 |   5161 |   9 |  892.7 |
        Temple |    105 |      1 |    104 |      0 |      0 |   1 |  105.0 |
       Ossuary |    264 |    264 |      0 |     22 |     50 |   1 |  264.0 |
               +--------+--------+--------+--------+--------+-----+--------+

Top non-repeatable levels by time:
     D:6: 1332 daAuts
     D:7: 1214 daAuts
     D:3: 1158 daAuts
     D:4: 950 daAuts
     D:5: 878 daAuts
     D:1: 813 daAuts
     D:9: 687 daAuts
     D:8: 513 daAuts
     D:2: 486 daAuts
 Ossuary: 264 daAuts
  Temple: 105 daAuts
